[Event "LV Capablanca Memorial Elite 2022"]
[Site "La Habana"]
[Date "2022.04.23"]
[Round "5.3"]
[White "Niemann, Hans Moke"]
[Black "Ganguly, Surya Shekhar"]
[Result "1-0"]
[ECO "A34"]
[WhiteElo "2642"]
[BlackElo "2627"]
[Annotator "TA"]
[PlyCount "179"]
[EventDate "2022.04.20"]
[EventType "tourn"]
[EventCountry "CUB"]
[SourceTitle "playchess.com"]
[Source "ChessBase"]
[SourceQuality "1"]
[TimeControl "40/5400+30:1800+30"]

1. c4 c5 2. Nf3 Nf6 3. g3 d5 4. Bg2 Nc6 5. cxd5 Nxd5 6. Nc3 Nc7 7. d3 e5 8. O-O Be7 9. Nd2 O-O 10. Nc4 f6 11. f4 exf4 12. Bxf4 Be6 13. Qb3 Rb8 14. Bxc7 Qxc7 15. Bd5 Bf7 16. Bxf7+ Rxf7 17. Nd5 Qd7 18. e4 b5 19. Nce3 Nd4 20. Qd1 Bd6 21. Qh5 Qe6 22. b3 g6 23. Qg4 f5 24. exf5 Nxf5 25. Rae1 Bf8 26. Qg5 Nxe3 27. Nf6+ Kh8 28. Rxe3 Qd6 (28... Qh3 $2 29. Qe5 Qxf1+ 30. Kxf1 $18) 29. Ne8 Rxf1+ 30. Kxf1 Qd4 31. Qe5+ Qxe5 32. Rxe5 Rb6 33. Nc7 Kg8 34. Re8 Rb7 35. Rc8 Kf7 36. Na6 Rd7 37. Nxc5 Rd5 38. Rc7+ Be7 39. Ne4 Rxd3 40. Ke2 Rd4 41. Ke3 Rd1 42. Rxa7 Ke6 43. Ra6+ (43. Nc3 $16 {And now Rxe7+ would win.} Bc5+ 44. Ke2 Bxa7 45. Nxd1) 43... Kf5 $14 44. Nf2 Bc5+ 45. Ke2 Rg1 46. g4+ Ke5 47. Nd3+ Kd4 48. Nxc5 Kxc5 49. Kf3 b4 $2 (49... Rh1 $16) 50. Ra7 $18 Ra1 51. Kf4 $2 (51. Rxh7 Rxa2 52. Kf4 Kd4 $16) (51. g5 $18) 51... h6 $1 $14 52. Ra6 Rf1+ $2 (52... Rh1 $1 $11 {and Black stays safe.}) 53. Kg3 $1 $18 Rg1+ 54. Kh3 Ra1 55. Kg3 (55. Rxg6 $142 Rxa2 56. Rxh6) 55... Rg1+ $1 $18 56. Kh4 $1 Rh1 {[%emt 0:00:44] [#]} 57. h3 $1 ({And not} 57. Rxg6 Rxh2+ 58. Kg3 Rxa2 $11) 57... g5+ 58. Kg3 Rc1 59. Rxh6 Rc3+ 60. Kf2 $2 (60. Kg2 $18) 60... Rc2+ (60... Kd4 $16) 61. Ke3 $2 (61. Kf3 $18) 61... Rxa2 $11 62. Rh5 Rb2 63. Rxg5+ Kd6 $2 (63... Kc6 $14) 64. h4 ({Less strong is} 64. Rg6+ Kc5 $16) 64... Rxb3+ 65. Kf4 Rb1 66. h5 Rf1+ 67. Kg3 Kc6 68. Re5 b3 69. Re2 Kd6 70. Rb2 Ke5 71. Rxb3 Rg1+ 72. Kh4 Kf6 73. Rb6+ Kg7 74. h6+ Kh7 75. Kh5 Rh1+ 76. Kg5 Ra1 77. Rb7+ Kg8 78. Kg6 Ra6+ 79. Kh5 Rc6 80. g5 Rc5 81. Rg7+ Kh8 82. Re7 Kg8 83. Kg6 Rc6+ {[%emt 0:00:01] [#]} 84. Kf5 $1 Rc5+ 85. Re5 Rc1 86. Kf6 Rf1+ 87. Kg6 Rf8 88. Kh5 Ra8 89. g6 Rb8 90. h7+ 1-0

[Event "LV Capablanca Memorial Elite 2022"]
[Site "La Habana"]
[Date "2022.04.23"]
[Round "5.4"]
[White "Quesada Perez, Luis Ernesto"]
[Black "Durarbayli, Vasif"]
[Result "1/2-1/2"]
[ECO "D46"]
[WhiteElo "2517"]
[BlackElo "2615"]
[Annotator "TA"]
[PlyCount "63"]
[EventDate "2022.04.20"]
[EventType "tourn"]
[EventCountry "CUB"]
[SourceTitle "playchess.com"]
[Source "ChessBase"]
[SourceQuality "1"]
[TimeControl "40/5400+30:1800+30"]

1. d4 d5 2. c4 c6 3. Nc3 Nf6 4. Nf3 e6 5. e3 Nbd7 6. Qc2 Bd6 7. Bd3 O-O 8. O-O dxc4 9. Bxc4 b5 10. Bd3 Bb7 11. e4 e5 12. h3 {[%emt 0:00:06] D46: Semi-Slav: 5 e3 Nbd7 6 Bd3, Black avoids the Meran.} Re8 13. dxe5 Nxe5 14. Nxe5 {[%emt 0:00:14] The position is equal.} Bxe5 ({Resist} 14... Rxe5 15. f4 Rh5 16. e5 Bc5+ 17. Kh1 $16) 15. Be3 Bd4 16. Rfe1 {[%emt 0:02:35] [#]} a6 $146 ({Predecessor:} 16... Bxe3 17. Rxe3 Qd4 18. Ne2 Qe5 19. Kh1 g6 20. Ng1 Rad8 21. Nf3 Qh5 22. Kg1 Nd7 {1-0 (86) Sokolov,I (2595)-Ravi,T (2405) Yogyakarta 2019}) 17. a4 h6 18. Rad1 Bxe3 $1 19. Rxe3 Qc7 20. Ne2 Rad8 21. axb5 axb5 22. Ng3 g6 23. Rf1 Qd6 24. Qc1 Kg7 (24... Re7 $11) 25. f4 $14 {[%emt 0:07:20] Threatens to win with e5.} Qd4 {[%emt 0:00:07] [#]} (25... Qd7 $14) 26. Kh2 $1 $16 Nd5 {[%emt 0:08:01] [#]} 27. Ref3 Nb4 28. Bb1 Qd2 (28... Kh8 $142) 29. Qc5 {[%emt 0:01:18] Black must now prevent f5.} Qd4 30. Qc1 (30. Qxd4+ $16 Rxd4 31. f5) 30... Qd2 $1 $18 31. Qc5 (31. Qc3+ $18 Qxc3 32. bxc3) 31... Qd4 $1 $16 (31... Qxb2 32. f5 g5 33. f6+ Kg8 34. R3f2 $18) 32. Qc1 {[%emt 0:01:32] Weighted Error Value: White=0.18 (very precise) /Black=0.11 (very precise)} (32. Qxd4+ $16 Rxd4 33. f5) 1/2-1/2

[Event "LV Capablanca Memorial Elite 2022"]
[Site "La Habana"]
[Date "2022.04.23"]
[Round "5.5"]
[White "Ortiz Suarez, Isan Reynaldo"]
[Black "Mareco, Sandro"]
[Result "1-0"]
[ECO "C78"]
[WhiteElo "2531"]
[BlackElo "2643"]
[Annotator "TA"]
[PlyCount "94"]
[EventDate "2022.04.20"]
[EventType "tourn"]
[EventCountry "CUB"]
[SourceTitle "playchess.com"]
[Source "ChessBase"]
[SourceQuality "1"]
[TimeControl "40/5400+30:1800+30"]

1. e4 e5 2. Nf3 Nc6 3. Bb5 a6 4. Ba4 Nf6 5. d3 Bc5 6. c3 d6 7. O-O Ba7 {[%emt 0:00:11] C78: Ruy Lopez: Archangelsk and Möller Defences.} 8. Re1 O-O 9. h3 Nh5 {[%emt 0:05:03] The position is equal.} 10. Bg5 f6 11. Be3 Bxe3 12. fxe3 {[%emt 0:00:24][%cal Bf2e3,Be3e4][%mdl 32] [#]} f5 $146 {[%emt 0:00:05] Against g4} ({Predecessor:} 12... g6 13. Nbd2 Kh8 14. d4 Bd7 15. Bc2 Qe8 16. Kh2 f5 17. Qe2 f4 18. exf4 Nxf4 {0-1 (37) Kochukova,A (2111)-Girya,O (2469) Sochi 2020}) 13. Nbd2 Nf6 14. exf5 Bxf5 15. e4 Bd7 16. Nf1 Kh8 17. Ne3 Ne7 18. Nh4 c6 19. Bb3 Qc7 20. Rf1 a5 21. Kh1 d5 22. Bc2 d4 23. Nc4 (23. Nef5 $17 {was necessary.} Bxf5 24. Nxf5) 23... b5 $19 24. Nd2 {[%emt 0:00:06] [#]} c5 (24... g5 $142 $1 25. Nhf3 g4) 25. Rc1 {[%emt 0:01:36] [#]} (25. g4 $17) 25... g5 $1 $36 {[%emt 0:14:37][%mdl 2048] White is under strong pressure.} 26. Nhf3 g4 27. hxg4 Nxg4 28. Qe1 Qd6 ({Worse is} 28... Ne3 29. Ng5 Nxf1 30. Qh4 Ng3+ 31. Qxg3 $17) 29. a4 Rf6 ({But not} 29... bxa4 $2 30. Qh4 Ng6 31. Qg5 $19 (31. Nc4 $2 Nxh4 32. Nxd6 Ne3 $19)) 30. Kg1 Ne3 31. Rf2 Ng6 {[%emt 0:00:58] aiming for ...Nf4.} 32. Nf1 Ng4 33. Rd2 bxa4 34. Bd1 Rg8 35. cxd4 cxd4 {[%emt 0:00:07] Strongly threatening ...Nf4.} 36. Ng5 h6 37. Bxg4 Bxg4 38. Nh2 Bd7 39. Ngf3 Nf4 40. Qh4 $2 (40. Kh1) 40... Bh3 41. Ne1 Rfg6 42. Rcc2 Qf8 43. Kh1 {[%emt 0:01:39] [#]} (43. Rf2 $142 Bd7 44. Kh1) 43... Qg7 $1 44. Nhf3 {[%emt 0:09:39] [#]} (44. Qf2 Nxg2) 44... Nxg2 $1 45. Qxh3 (45. Qf2 Nxe1) 45... Nxe1 {[%emt 0:00:05][%mdl 64] Deflection} 46. Nxe1 Rg1+ 47. Kh2 {[%emt 0:00:04] [#] Rg2 is the strong threat.} Rh1+ $1 {[%emt 0:00:03][%mdl 33344] Skewer, Back Rank, Clearance.  Weighted Error Value: White=0.43/Black=0.07 (flawless) . Loss on time!?} 1-0

[Event "LV Capablanca Memorial Elite 2022"]
[Site "La Habana"]
[Date "2022.04.25"]
[Round "6.1"]
[White "Yilmaz, Mustafa"]
[Black "Mareco, Sandro"]
[Result "1/2-1/2"]
[ECO "D30"]
[WhiteElo "2627"]
[BlackElo "2643"]
[Annotator "TA"]
[PlyCount "40"]
[EventDate "2022.04.20"]
[EventType "tourn"]
[EventCountry "CUB"]
[SourceTitle "playchess.com"]
[Source "ChessBase"]
[SourceQuality "1"]
[TimeControl "40/5400+30:1800+30"]

1. d4 d5 2. c4 e6 3. Nf3 a6 4. Bg5 Be7 5. Bxe7 Qxe7 6. Nbd2 {[%emt 0:03:42] D30: Queen's Gambit Declined: Systems without Nc3.} Nf6 7. g3 O-O 8. Rc1 c5 {[%emt 0:40:59] [#]} 9. dxc5 $146 ({Predecessor:} 9. cxd5 cxd4 10. Nxd4 exd5 11. Bg2 Qb4 12. N4b3 Nc6 13. O-O Bf5 14. Nf3 Rac8 15. Nfd4 Nxd4 16. Qxd4 {1-0 (47) Gallego Alcaraz,A (2523)-Prraneeth,V (2438) Budapest 2022}) 9... Qxc5 10. cxd5 Qxd5 11. Nc4 Qh5 12. Nce5 Nc6 $1 13. Nxc6 bxc6 14. Qa4 {[%emt 0:19:30] Prevents Qa5+.} Rb8 (14... e5 $11 {deserves consideration.}) 15. b3 a5 16. Bg2 Ba6 17. Rc2 ({Not} 17. Qxc6 $2 Rbc8 18. Qxc8 Rxc8 $19) ({Don't blunder} 17. Rxc6 $2 Bb5 18. Qxa5 Ra8 $19) 17... Qg6 $1 18. Rb2 ({But not} 18. Qxc6 $2 Bb7 19. Nh4 Bxc6 $19) 18... Bb5 19. Qa3 Nd5 20. O-O {[%emt 0:01:30] And now Ne5 would win.} Qf6 {[%emt 0:00:07] Against Ne5.  Weighted Error Value: White=0.09 (flawless) /Black=0.08 (flawless)} 1/2-1/2

[Event "LV Capablanca Memorial Elite 2022"]
[Site "La Habana"]
[Date "2022.04.25"]
[Round "6.2"]
[White "Durarbayli, Vasif"]
[Black "Ortiz Suarez, Isan Reynaldo"]
[Result "1/2-1/2"]
[ECO "B94"]
[WhiteElo "2615"]
[BlackElo "2531"]
[Annotator "TA"]
[PlyCount "205"]
[EventDate "2022.04.20"]
[EventType "tourn"]
[EventCountry "CUB"]
[SourceTitle "playchess.com"]
[Source "ChessBase"]
[SourceQuality "1"]
[TimeControl "40/5400+30:1800+30"]

1. e4 c5 2. Nf3 d6 3. d4 cxd4 4. Nxd4 Nf6 5. Nc3 a6 6. Bg5 Nbd7 7. Bc4 Qb6 8. Bb3 e6 9. h4 Be7 10. f3 Nc5 11. Qd2 Qc7 12. g4 b5 13. a3 Bd7 14. Ba2 O-O 15. h5 Rfb8 16. b4 Na4 17. Nxa4 bxa4 18. Be3 Be8 19. g5 Nd7 20. g6 Bf6 21. O-O-O Ne5 22. h6 hxg6 23. hxg7 Bxg7 24. Bh6 Bf6 25. Qf4 Qe7 26. Qh2 Qc7 27. Qf4 Qe7 28. Rh3 Rc8 29. Qh2 Qc7 $2 (29... Bb5 $11) 30. Kb1 $18 Nc4 31. Bc1 (31. Bxc4 $18 Qxc4 32. Qxd6) 31... d5 $2 (31... Qb6 $16 {is a better chance.}) 32. f4 $1 $18 dxe4 33. Bxc4 Qxc4 34. Bb2 $1 Qd5 35. Rh1 $2 (35. Rd2 e5 36. Nf5 $1 Qxd2 37. Qxd2) 35... Kf8 $18 {[%emt 0:00:09] [#]} (35... Bxd4 36. Rh8+ $1 Kg7 37. Bxd4+ Qxd4 38. Qh6+ Kf6 39. Qg5+ Kg7 40. R1h7#) 36. Nc6 $1 Bxc6 (36... Bxb2 {[#]} 37. Rh8+ $1 Kg7 38. Ne5) 37. Bxf6 Ke8 38. Rh8+ $2 (38. f5 $18 {[%cal Oc2c4] And now c4! would win.} Kd7 39. fxg6) 38... Kd7 $11 39. Qh7 (39. Rh7 $5 Rf8 40. Bg7 $11) 39... e5 $1 ({Don't do} 39... Rf8 40. Rxf8 Rxf8 41. Qg7 $18) 40. Qh3+ Kc7 41. Bxe5+ Kb7 42. Rxc8 Rxc8 43. Qe3 Rd8 44. Rh2 Qc4 45. Rd2 Rxd2 46. Qxd2 Bd5 47. Kc1 Kc6 48. Qe3 Kd7 49. Kd2 Bc6 50. Qh3+ Qe6 51. Qh7 Bd5 52. Qh4 Qf5 53. Qf2 Qe6 54. Qa7+ Ke8 55. Qb8+ Ke7 56. Qc7+ Ke8 57. Qb8+ Kd7 58. Qc7+ Ke8 59. Bd4 Bc4 60. Qb8+ Kd7 61. Qb7+ Ke8 62. Qc7 Bb5 63. Qb8+ Kd7 64. Qb7+ Ke8 $1 65. Qa8+ Kd7 66. Bc5 Qc4 67. Qb7+ Ke6 68. Qe7+ Kf5 69. Qg5+ Ke6 70. Qe7+ (70. f5+ $5 Kd7 71. fxg6 fxg6 72. Qe7+ (72. Qxg6 e3+ 73. Kxe3 Qc3+ 74. Kf2 Qd2+ 75. Kg3 Qe1+ 76. Kf4 Qd2+ 77. Kg3 Qe1+ 78. Kg4 Qd1+ 79. Kf4 Qd2+ 80. Kg3 $14) 72... Kc8 73. Qf8+ Kb7 74. Qg7+ Kc8 75. Qf8+ Kb7 76. Qg7+ Kc8 77. Kc1 $16) 70... Kf5 71. Qg5+ Ke6 72. Qe5+ (72. f5+ $5 Kd7 73. fxg6 fxg6 74. Qe7+ (74. Qxg6 e3+ 75. Kxe3 Qe2+ 76. Kf4 Qh2+ 77. Kf3 Qe2+ 78. Kg3 Qe5+ 79. Kg2 a5 $14) 74... Kc8 75. Qf8+ Kb7 76. Qg7+ Kc8 77. Qf8+ Kb7 78. Qg7+ Kc8 79. Kc1 $16) 72... Kd7 73. Qd6+ Kc8 74. Kc1 Qf1+ 75. Kb2 Qc4 76. Qf8+ Kd7 77. Qd6+ Kc8 78. Qf8+ Kd7 79. Qe7+ Kc8 80. Bb6 Qc6 81. Bd4 Bc4 82. Bf6 Be6 83. Qd8+ Kb7 84. Be5 Qd7 85. Qb8+ Kc6 86. Qa8+ Qb7 87. Qf8 Qd7 88. Kc3 Qc8 89. Qd6+ Kb7+ 90. Kb2 Qd7 91. Qb8+ Kc6 92. Qa8+ Qb7 93. Qf8 Qd7 94. Qc5+ Kb7 95. Bd4 Qc6 96. Qa7+ Kc8 97. Be5 Bd5 98. Qe7 Bc4 99. Qa7 Bd5 100. Bd4 Qc4 101. Kc1 Qf1+ 102. Kb2 Qc4 103. Kc1 1/2-1/2

[Event "LV Capablanca Memorial Elite 2022"]
[Site "La Habana"]
[Date "2022.04.25"]
[Round "6.3"]
[White "Ganguly, Surya Shekhar"]
[Black "Quesada Perez, Luis Ernesto"]
[Result "1-0"]
[ECO "D94"]
[WhiteElo "2627"]
[BlackElo "2517"]
[Annotator "TA"]
[PlyCount "53"]
[EventDate "2022.04.20"]
[EventType "tourn"]
[EventCountry "CUB"]
[SourceTitle "playchess.com"]
[Source "ChessBase"]
[SourceQuality "1"]
[TimeControl "40/5400+30:1800+30"]

1. Nf3 Nf6 2. c4 c6 3. Nc3 d5 4. e3 g6 5. d4 Bg7 6. Be2 O-O 7. O-O Bg4 8. cxd5 cxd5 9. Qb3 b6 10. h3 Bc8 {[%emt 0:05:18] is currently scoring better than 10...Bxf3. D94: Grünfeld: 4 Nf3 Bg7 5 e3.} 11. Ne5 Bb7 {[%emt 0:00:10] [#]} 12. Qa4 $5 $146 {[%emt 0:08:15][%mdl 8] An interesting novelty.} ({Predecessor:} 12. Bd2 Nc6 13. f4 Na5 14. Qa4 a6 15. Qa3 Re8 16. Rac1 Rc8 17. b3 Qd6 18. Qb2 {1-0 (54) Gledura,B (2652)-Reshef,O (2493) Dulles 2022}) 12... a6 {[%emt 0:05:03] The position is equal.} 13. Bd2 Nfd7 14. f4 e6 15. Qb3 Nxe5 16. fxe5 (16. dxe5 Nd7 $11) 16... Nd7 17. Bf3 Rc8 18. Rad1 Bh6 19. Rf2 f6 $2 {[%emt 0:19:04] [#] Black cannot hold the game after this.} (19... b5 $11 {and Black has nothing to worry.}) 20. e4 $1 $18 Bxd2 21. Rfxd2 fxe5 22. exd5 Rxf3 $2 (22... exd4 23. dxe6 Nc5 24. e7+ Nxb3 25. exd8=Q (25. exd8=B $2 {is the wrong capture.} Bxf3 26. Rxd4 Bxd1 $19) 25... Rcxd8 26. axb3 Bxf3) 23. dxe6 {[%emt 0:00:51] e7+ is the strong threat.} (23. gxf3 Qg5+ 24. Rg2 Qe3+ 25. Rf2 exd4 $11) 23... Kg7 (23... Rfxc3 $2 24. bxc3 Nf8 25. e7+ Qd5 26. Qxd5+ Bxd5 27. dxe5 $18) (23... Nc5 $142 24. dxc5 Qg5 25. e7+ (25. Qxb6 {leads to mate.} Qe3+ 26. Kh2 Rxh3+ 27. gxh3 Qf4+ 28. Kg1 Qg3+ 29. Kf1 Rf8+ 30. Ke2 Qf3+ 31. Ke1 Qf1#) 25... Kg7) 24. exd7 {[%emt 0:04:28] White is clearly winning.} Rcxc3 25. bxc3 Qg5 26. d5 Qe3+ 27. Kh1 {[%emt 0:00:51] Weighted Error Value: White=0.07 (flawless) /Black=0.50} 1-0

[Event "LV Capablanca Memorial Elite 2022"]
[Site "La Habana"]
[Date "2022.04.25"]
[Round "6.4"]
[White "Quesada Perez, Yasser"]
[Black "Niemann, Hans Moke"]
[Result "0-1"]
[ECO "A45"]
[WhiteElo "2568"]
[BlackElo "2642"]
[Annotator "TA"]
[PlyCount "106"]
[EventDate "2022.04.20"]
[EventType "tourn"]
[EventCountry "CUB"]
[SourceTitle "playchess.com"]
[Source "ChessBase"]
[SourceQuality "1"]
[TimeControl "40/5400+30:1800+30"]

1. d4 Nf6 2. Bf4 g6 3. Nc3 d5 4. e3 Bg7 5. h4 c6 6. Qd2 {[%emt 0:04:27] A45: Trompowsky Attack.} b5 7. Bd3 Nbd7 8. Nf3 {[%emt 0:06:47] [#] The position is equal.} Bb7 $146 ({Predecessor:} 8... b4 9. Ne2 a5 10. Ng3 h5 11. Ne5 Nxe5 12. Bxe5 O-O 13. a3 bxa3 14. Rxa3 Bh6 {0-1 (43) Ardelean,G (2488)-Hansen,E (2606) Chess.com INT 2020}) 9. Ne5 a6 10. Ne2 c5 {[%emt 0:01:42] Hoping for ...c4.} 11. Ng3 h5 12. f3 c4 {[%emt 0:04:15] [#]} (12... Nxe5 $15 13. Bxe5 c4) 13. Be2 ({Better is} 13. Nxg6 $1 $11 fxg6 14. Bxg6+ Kf8 15. Nf5) 13... Nf8 14. c3 Ne6 15. Bd1 Nxf4 16. exf4 Nd7 17. Bc2 e6 {[%emt 0:00:47] [#]} 18. Ne2 (18. Nxg6 $1 $11 fxg6 19. Bxg6+ Ke7 20. Nxh5) 18... Bh6 19. O-O-O (19. g3 $11) 19... Nxe5 20. dxe5 Qb6 21. Nd4 O-O-O 22. g4 a5 23. Qe3 Bc6 24. Kd2 Bd7 25. Ke2 b4 26. a3 (26. g5 $15 {was preferrable.} Bf8 27. f5 gxf5 28. Nxf5 Qxe3+ 29. Nxe3) 26... bxa3 (26... b3 $17 27. Bb1 Rdg8) 27. bxa3 $15 Bf8 28. Rb1 Qa7 29. Nb5 Qxe3+ 30. Kxe3 Bc5+ 31. Kd2 Rdf8 32. g5 Kd8 33. a4 {[%emt 0:05:01] White is now going downhill.} ({White should play} 33. Nd6 $15 Bxd6 34. exd6) 33... Ke7 $17 34. Nd4 Rb8 {[%emt 0:00:05][%cal Bf8b8,Bb8b7,Bb7b2][%mdl 32] Against Rb7} 35. Ke3 Bb6 36. Rhd1 {[%emt 0:01:27] [#]} (36. Ra1 $17) 36... Rb7 $1 $19 37. Ke2 Rhb8 38. Ra1 Bc5 {[%emt 0:00:21] Strongly threatening ...Rb2.} 39. Rd2 Kd8 40. Ke3 Rb2 41. Re2 Kc7 42. Rd2 Bc6 43. Re2 $2 {[%emt 0:00:19] [#]} (43. Rf2) 43... R8b3 $1 {[%emt 0:02:20][%mdl 512] Really sharp!} 44. Bxb3 Bxd4+ 45. cxd4 Rxb3+ {[%emt 0:00:07][%mdl 4096] Endgame KRR-KRB} 46. Kf2 Rd3 {[%emt 0:00:08] Inhibits Rd2.} 47. Rb2 (47. Rb1 {was necessary.}) 47... Rxd4 48. Rab1 c3 {[%emt 0:01:35][%cal Bc4c3,Bc3c2][%mdl 32] Black is clearly winning.} 49. Ke3 (49. Ra2 $142 Rxf4 50. Ke3) 49... Rxa4 ({Not} 49... cxb2 50. Kxd4 Bxa4 51. Rxb2 $16) 50. Rb3 d4+ 51. Kd3 Bd5 52. Rb8 Ra2 53. Kxd4 c2 {[%emt 0:00:06] Weighted Error Value: White=0.44/Black=0.07 (flawless)} 0-1

[Event "LV Capablanca Memorial Elite 2022"]
[Site "La Habana"]
[Date "2022.04.25"]
[Round "6.5"]
[White "Albornoz Cabrera, Carlos Daniel"]
[Black "Almeida Quintana, Omar"]
[Result "1-0"]
[ECO "B06"]
[WhiteElo "2567"]
[BlackElo "2535"]
[Annotator "TA"]
[PlyCount "115"]
[EventDate "2022.04.20"]
[EventType "tourn"]
[EventCountry "CUB"]
[SourceTitle "playchess.com"]
[Source "ChessBase"]
[SourceQuality "1"]
[TimeControl "40/5400+30:1800+30"]

1. e4 g6 2. d4 Bg7 3. Nc3 d6 4. Be3 a6 5. h4 h5 6. Nh3 {[%emt 0:00:19] B06: Modern Defence.} Bxh3 7. Rxh3 Nd7 {[%emt 0:00:40] [#]} 8. Qe2 $146 {[%emt 0:00:09] White is slightly better.} ({Predecessor:} 8. Qd2 Ngf6 9. O-O-O c6 10. Kb1 Qa5 11. Bd3 O-O-O 12. Rg3 Ng4 13. Bg5 Bxd4 14. Bxe7 {0-1 (78) Plazuelo Pascual,J (2458)-Sunilduth Lyna,N (2662) Chess.com INT 2022}) 8... c6 9. O-O-O Qc7 10. g4 hxg4 11. Qxg4 Ngf6 12. Qg2 O-O-O 13. f4 Bh6 14. e5 Nh5 15. Qf2 Nb6 16. Be2 Qd7 17. Rhh1 Kb8 18. Kb1 Nd5 19. Nxd5 cxd5 20. Rdf1 e6 21. Bxh5 gxh5 22. Qe2 Rdg8 (22... dxe5 $14 23. fxe5 Rdg8) 23. Qxh5 $16 Bg5 {[%emt 0:07:08] [#]} 24. Qxh8 Rxh8 25. fxg5 dxe5 26. h5 Qe8 (26... Qc7 $16 {keeps fighting.}) 27. dxe5 $18 Qg8 28. Rf6 ({Better is} 28. h6 $18) 28... d4 $16 29. Bd2 {[%emt 0:02:28] White is more active.} (29. Bxd4 Qxg5 30. h6 (30. Rxf7 Rxh5 31. Rhf1 Rh8 $11) 30... Qg2 $14) 29... d3 (29... Qh7 $16 {was necessary.}) 30. c3 $1 $18 {[%emt 0:04:55] h6 is the strong threat.} (30. cxd3 $6 Qd8 31. Rf3 (31. Rxf7 $2 Qxd3+ 32. Ka1 Qxd2 $19) 31... Qd5 $16) 30... Qe8 31. h6 {[%emt 0:02:00] And now Rhf1 would win.} Rh7 32. Rhf1 {[%emt 0:01:06][%cal Og5g6] Black must now prevent g6!} Qc6 (32... Qa4 $142 33. b3 Qd7) 33. b3 (33. Rxf7 $2 Rxf7 34. Rd1 Qe4 $19) 33... Qg2 34. R6f2 (34. Rxf7 $2 Rxf7 35. Rd1 Qe2 $19) 34... Qg4 35. Kb2 (35. Rxf7 $2 Rxf7 36. Rxf7 Qd1+ 37. Kb2 Qxd2+ 38. Ka3 Qc1+ 39. Ka4 d2 $19) 35... Qh5 36. Rf3 Qg6 37. R1f2 b5 38. Kc1 a5 {[%emt 0:02:06] [#]} 39. Rf6 (39. Kb2 $1 $18) 39... Qe4 $1 $14 40. R6f3 (40. Rxf7 $6 Rxf7 41. Rxf7 Qh1+ 42. Kb2 Qh2 43. Rf8+ (43. Kc1 Qh1+ 44. Kb2 Qh2 $11) 43... Kc7 $11) ({White should play} 40. R6f4 $16 Qh1+ 41. Rf1) 40... Kc8 (40... Qg6 $11) 41. Rf4 (41. Rxf7 $6 Rxf7 42. Rxf7 Qh1+ 43. Kb2 Qg2 44. Rf8+ (44. Kc1 Qh1+ 45. Kb2 Qg2 $11) 44... Kd7 $11) 41... Qh1+ 42. Rf1 Qh5 (42... Qh2 $16 43. R1f3 (43. Rxf7 Rxf7 44. Rxf7 Qh1+ 45. Kb2 Qh2 $11) 43... Qg2) 43. R1f3 $18 {[%emt 0:03:27] aiming for Kb2.} Qh1+ $2 (43... Kb8 {was worth a try.}) 44. Kb2 Qg2 45. Rxd3 {[%emt 0:05:21] Dancing on a razor blade.} Qxg5 {[%emt 0:02:25] [#]} 46. Rc4+ $3 bxc4 47. Bxg5 cxd3 {[%emt 0:00:07][%mdl 4096] Endgame KR-KB} 48. c4 Kd7 49. Kc3 f6 50. exf6 e5 51. Kxd3 {[%emt 0:00:23] Threatens to win with c5.} Ke6 52. c5 {[%emt 0:04:13] Strongly threatening Kc4.} Kf5 $2 (52... Rb7 53. Ke4 Rc7) 53. Be3 {[%emt 0:01:16] White is clearly winning.} Kxf6 54. Kc4 Kf5 55. c6 Ke4 56. Bd2 Kf3 57. Kb5 e4 58. Kxa5 {[%emt 0:02:14] Weighted Error Value: White=0.13 (very precise) /Black=0.31} 1-0

[Event "LV Capablanca Memorial Elite 2022"]
[Site "La Habana"]
[Date "2022.04.26"]
[Round "7.1"]
[White "Almeida Quintana, Omar"]
[Black "Yilmaz, Mustafa"]
[Result "1/2-1/2"]
[ECO "D38"]
[WhiteElo "2535"]
[BlackElo "2627"]
[Annotator "TA"]
[PlyCount "87"]
[EventDate "2022.04.20"]
[EventType "tourn"]
[EventCountry "CUB"]
[SourceTitle "playchess.com"]
[Source "ChessBase"]
[SourceQuality "1"]
[TimeControl "40/5400+30:1800+30"]

1. d4 Nf6 2. c4 e6 3. Nf3 d5 4. Nc3 Bb4 5. cxd5 exd5 6. Bg5 h6 7. Bh4 O-O {[%emt 0:01:11] 7...Bf5 is a critical line. D38: Queen's Gambit Declined: Ragozin Defence (4 Nf3 Bb4).} 8. e3 Bf5 9. Bd3 Bxd3 10. Qxd3 {[%emt 0:00:03] [#]} c5 $146 (10... c6 $11) ({Predecessor:} 10... Nbd7 11. Qb5 Bxc3+ 12. bxc3 Nb6 13. Nd2 Qd7 14. Qxd7 Nfxd7 15. a4 a5 16. Ke2 Rfe8 {1-0 (47) Carlsen,M (2862)-Aronian,L (2781) chess24.com INT 2021}) 11. dxc5 $14 g5 12. Bg3 Nbd7 13. Bd6 {[%emt 0:03:52] &Bianco is more active.} Nxc5 14. Bxc5 Bxc5 15. O-O Qd7 16. Rfd1 Rfd8 17. Nd4 Rac8 18. h3 a6 19. Rac1 (19. Nf5 {is interesting.} h5 20. e4 Bxf2+ 21. Kxf2 Nxe4+ 22. Qxe4 dxe4 23. Rxd7 Rxd7 24. Nxe4 Rc2+ 25. Ke3) 19... Bf8 20. Rc2 Re8 21. Qf5 Qxf5 22. Nxf5 {[%emt 0:00:14] Pair of Knights!} h5 {[%emt 0:09:38] [#]} 23. Nxd5 $1 Nxd5 24. Rxc8 Rxc8 25. Rxd5 $16 {[%emt 0:00:05][%mdl 4096] Endgame KRB-KRN} Rc1+ 26. Kh2 Rc2 27. Nd4 Rxf2 28. Rxg5+ Kh7 $1 29. Rxh5+ Kg6 30. Rd5 Bh6 31. Nf3 {[%emt 0:07:03] Strongly threatening Ne5+.} Rxb2 32. Ne5+ Kh7 $1 33. Ng4 {[%emt 0:09:54] [#] aiming for Rh5.} Bg7 34. Rd7 b5 35. Rxf7 Rxa2 36. h4 Kg6 37. Rb7 {[%emt 0:00:12][%cal Oh4h5] Threatens to win with h5+!} Bc3 38. e4 b4 39. Rb6+ Kf7 40. h5 a5 (40... Ra5 $15 41. Rb7+ Ke6 42. Rb6+ Ke7 43. Rb7+ Ke6 44. Rb6+ Ke7 45. Rb7+ Kd6 46. e5+ Kc6) 41. Rb7+ {[%emt 0:03:39] The position is equal.} Ke6 42. Rb6+ Kf7 43. Rb7+ Ke6 44. e5 {Weighted Error Value: White=0.08 (flawless) /Black=0.08 (flawless)} ({Better is} 44. Rb6+ $11 Kf7) 1/2-1/2